AoeStats
← Santi Povs

Arena

509752950Analyzed
2v2 RM · 4d ago on Sep 27, 2026· 39m 50s· 4 players
Game mode
Random Map
Map size
Medium (4 player)
Population
200
Speed
Normal
Resources
Standard
Victory
Conquest
Starting age
Dark Age
Ending age
Imperial Age
RankedLock teamsTeams togetherTeam positionsShared explorationLock speedFull tech treeHidden civsTurbo modeCheats
Victory
Defeat
🇨🇴 Celts · Colombia
968
+15
🇨🇴 Poles · Colombia
961
+15
🇧🇪 Persians · Belgium
972
-16
🇺🇸 Lithuanians · United States
918
-41
GozaComoDuran
10:55 Feudal Age
15:07 Castle Age
20:13 Horse Collar
20:21 Double-Bit Axe
22:30 Loom
24:17 Wheelbarrow
24:44 Heavy Plow
24:52 Scale Mail Armor
25:03 Forging
26:01 Gold Mining
26:04 Stone Mining
27:00 Hand Cart
28:10 Chain Mail Armor
31:38 Imperial Age
34:17 Iron Casting
34:13 Plate Mail Armor
35:19 Bloodlines
34:29 Light Cavalry
35:10 Husbandry
36:14 Blast Furnace
35:21 Scale Barding Armor
36:39 Winged Hussar
38:17 Crop Rotation
38:35 Bow Saw
39:01 Ballistics
38:23 Treadmill Crane
39:44 Chemistry
39:51 Chain Barding Armor
39:56 Conscription
40:11 Murder Holes
Santi Povs
10:51 Feudal Age
14:55 Castle Age
13:17 Double-Bit Axe
13:59 Horse Collar
20:11 Bow Saw
28:56 Imperial Age
26:13 Loom
26:14 Town Watch
26:52 Scale Mail Armor
26:50 Gold Mining
27:13 Forging
27:54 Wheelbarrow
28:19 Chain Mail Armor
29:08 Iron Casting
29:07 Hand Cart
28:45 Pikeman
30:42 Chemistry
30:22 Gold Shaft Mining
31:50 Blast Furnace
30:27 Capped Ram
32:31 Plate Mail Armor
32:33 Siege Engineers
33:18 Halberdier
34:13 Siege Ram
35:42 Heavy Scorpion
Severine
9:56 Feudal Age
14:30 Castle Age
14:28 Stone Mining
15:44 Loom
16:26 Double-Bit Axe
19:48 Bow Saw
24:55 Wheelbarrow
24:08 Town Watch
26:02 Padded Archer Armor
25:52 Fletching
26:08 Scale Barding Armor
26:14 Forging
26:41 Horse Collar
27:32 Thumb Ring
28:27 Hand Cart
28:49 Ballistics
28:52 Heavy Plow
29:05 Crossbowman
30:08 Leather Archer Armor
30:45 Husbandry
30:55 Bloodlines
31:19 Bodkin Arrow
31:45 Chain Barding Armor
32:08 Iron Casting
31:49 Masonry
31:59 Kamandaran
37:03 Imperial Age
34:37 Murder Holes
35:04 Gold Mining
35:52 Stone Shaft Mining
37:49 Conscription
38:04 Ring Archer Armor
38:10 Plate Barding Armor
38:36 Blast Furnace
37:12 Cavalier
38:33 Crop Rotation
38:08 Caravan
38:26 Savar
40:26 Hoardings
Tobin Thor
0:49 Loom
12:16 Feudal Age
12:42 Double-Bit Axe
12:40 Horse Collar
17:07 Stone Mining
17:10 Gold Mining
19:39 Castle Age
18:27 Gold Mining
18:32 Fletching
20:44 Bow Saw
21:37 Heavy Plow
25:25 Stone Shaft Mining
25:02 Hill Forts
26:11 Squires
25:32 Pikeman
26:09 Bodkin Arrow
26:26 Forging
26:22 Scale Barding Armor
26:17 Padded Archer Armor
26:18 Scale Mail Armor
26:55 Ballistics
28:09 Murder Holes
28:42 Caravan
28:33 Town Watch
31:35 Treadmill Crane
31:46 Guard Tower
33:59 Town Patrol
37:03 Fortified Wall
37:04 Masonry
37:37 Redemption
38:03 Devotion
38:13 Fervor
Connection lost

Rejoining the realm…

Still unreachable

The connection could not be restored.

Session expired

The server has moved on; the page needs a fresh start.